 Dungeon Crawl Stone Soup version 0.17.1-3-g152610e (webtiles) character file.

3040 Peloso the Blocker (level 9, -6/79 HPs)
             Began as a Minotaur Fighter on Apr 10, 2016.
             Was an Elder of Okawaru.
             Mangled by Gastronok (27 damage)
             ... on level 8 of the Dungeon.
             The game lasted 00:22:23 (6516 turns).

Peloso the Blocker (Minotaur Fighter)               Turns: 6516, Time: 00:22:23

Health: -6/79      AC: 17    Str: 22    XL:     9   Next: 56%
Magic:  6/8        EV: 16    Int:  5    God:    Okawaru [****..]
Gold:   67         SH: 14    Dex: 15    Spells: 0 memorised, 8 levels left

rFire  + . .     SeeInvis .     F - +3 scimitar (freeze)
rCold  . . .     Clarity  .     d - +5 scale mail of Idealism {rElec rF+ MR+ Stlth-}
rNeg   . . .     SustAt   .     c - +0 shield
rPois  .         Gourm    .     (helmet restricted)
rElec  +         Spirit   .     (no cloak)
rCorr  .         Warding  .     l - +1 pair of gloves
rMut   .         Stasis   .     (no boots)
MR     +....                    (no amulet)
Stlth  +.........               C - +3 ring of dexterity
                                s - +2 ring of slaying

@: heroism, somewhat resistant to hostile enchantments, very unstealthy
A: retaliatory headbutt, horns 2
a: Heroism, Renounce Religion


You were on level 8 of the Dungeon.
You worshipped Okawaru.
Okawaru was greatly pleased with you.
You were not hungry.

You visited 1 branch of the dungeon, and saw 8 of its levels.

You collected 315 gold pieces.
You spent 248 gold pieces at shops.

Inventory:

Hand Weapons
 F - a +3 scimitar of freezing (weapon)
Armour
 b - a +0 plate armour
 c - a +0 shield (worn)
 d - the +5 scale mail of Idealism (worn) {rElec rF+ MR+ Stlth-}
   (You found it on level 4 of the Dungeon)

   It protects you from fire.
   It insulates you from electricity.
   It affects your resistance to hostile enchantments.
   It makes you less stealthy.
 l - a +1 pair of gloves (worn)
Jewellery
 s - a +2 ring of slaying (left hand)
 C - a +3 ring of dexterity (right hand)
 D - a +3 ring of intelligence
Wands
 w - a wand of fireball (7)
 y - a wand of fireball (7)
 E - a wand of random effects (25)
 G - a wand of magic darts (34)
Scrolls
 f - 3 scrolls of identify
 g - a scroll of blinking
 h - 4 scrolls of teleportation
 i - a scroll of amnesia
 p - 5 scrolls of remove curse
 r - 3 scrolls of recharging {unknown}
 t - a scroll of fear {unknown}
 A - a scroll of enchant weapon {unknown}
Potions
 j - 6 potions of curing
 k - 3 potions of might
 o - 2 potions of brilliance
 u - a potion of cancellation
 x - a potion of cure mutation {unknown}
 z - 2 potions of heal wounds {unknown}
 B - 2 potions of magic {unknown}
Comestibles
 e - 5 bread rations
 q - 2 meat rations


   Skills:
 + Level 7.0(12.0) Fighting
 + Level 7.3(12.3) Long Blades
 + Level 7.8(12.8) Armour
 + Level 5.8(10.8) Dodging
 + Level 1.5(6.5) Stealth
 + Level 9.4(14.4) Shields


You had 8 spell levels left.
You didn't know any spells.

Dungeon Overview and Level Annotations

Branches:
Dungeon (8/15)             Temple (0/1) D:6
   Lair: D:8-11

Altars:
Dithmenos
Elyvilon
Gozag
Makhleb
Nemelex Xobeh
Okawaru
Sif Muna
Zin

Shops:
D:6 (

Annotations:
D:8 Gastronok


Innate Abilities, Weirdness & Mutations

You reflexively headbutt those who attack you in melee.
You have a pair of horns on your head.


Message History

The quokka's corpse disappears in a puff of smoke!
You gain the combat prowess of a mighty hero.
You feel slightly more hungry.
Gastronok's eyestalks stretch out, then return to normal size.
Gastronok bites you!!
You hit Gastronok. You freeze Gastronok. You headbutt Gastronok.
Gastronok is lightly wounded.
You barely miss Gastronok. You headbutt Gastronok.
Gastronok is lightly wounded.
Gastronok waves his eye-stalks in wide circles.
The air twists around and strikes you!
* * * LOW HITPOINT WARNING * * *
You slash Gastronok! You freeze Gastronok.
Gastronok is lightly wounded.
You hit Gastronok. You freeze Gastronok.
Gastronok is lightly wounded.
You slash Gastronok! You freeze Gastronok. You headbutt Gastronok.
Gastronok is moderately wounded.
Gastronok bites you!!
You die...

#.....#...#..........
#.....#...#.........
#.....#...#........#
#.....#...#........#
#.....#...#........#
#.[[..#...#........#
#[))..'...#........#
#.....#'###...†....#####
#............)).@w......
........................
........................
........................
........................
.........##+##....!#####
.######### #.>...# .#
#.....# ##


You could see Gastronok.

Vanquished Creatures
  A two-headed ogre (D:7)
  Eustachio (D:6)
  A soldier ant (D:7)
  Duvessa (D:7)
  An orc warrior (D:8)
  A phantom (D:6)
  A sky beast (D:7)
  2 ogres
  4 centaurs
  A big kobold (D:7)
  4 giant frogs
  A gnoll sergeant (D:8)
  Dowan (D:7)
  3 wights (D:7)
  10 killer bees
  A jelly (D:6)
  An orc priest (D:8)
  2 crimson imps (D:5)
  2 hounds (D:4)
  5 iguanas
  2 orc wizards
  9 gnolls
  7 adders
  2 shadow imps (D:7)
  An ooze (D:5)
  An adder zombie (D:7)
  An adder skeleton (D:6)
  2 worms
  4 giant geckos
  25 orcs
  3 giant cockroaches
  10 goblins
  12 hobgoblins
  4 quokkas
  7 ball pythons
  5 bats
  A giant gecko skeleton (D:6)
  2 giant newts
  25 jackals
  A jackal skeleton (D:4)
  A jackal zombie (D:6)
  13 kobolds
  5 rats (D:2)
187 creatures vanquished.

Notes
Turn   | Place    | Note
--------------------------------------------------------------
     0 | D:1      | Peloso the Minotaur Fighter began the quest for the Orb.
     0 | D:1      | Reached XP level 1. HP: 19/19 MP: 0/0
   433 | D:1      | Reached XP level 2. HP: 27/27 MP: 1/1
   503 | D:1      | Reached skill level 4 in Armour
   690 | D:2      | Found a sparkling altar of Nemelex Xobeh.
   767 | D:2      | Found a faded altar to an unknown god.
   844 | D:2      | Reached XP level 3. HP: 25/33 MP: 2/2
   854 | D:2      | Found an iron altar of Okawaru.
   862 | D:2      | Became a worshipper of Warmaster Okawaru
  1015 | D:2      | Reached XP level 4. HP: 40/40 MP: 3/3
  1017 | D:2      | Found a shadowy altar of Dithmenos.
  1274 | D:2      | Reached skill level 1 in Dodging
  1288 | D:2      | Found a white marble altar of Elyvilon.
  1552 | D:3      | Reached XP level 5. HP: 27/47 MP: 4/4
  2028 | D:3      | Reached skill level 5 in Shields
  2044 | D:3      | Reached * piety under Okawaru
  2068 | D:3      | Reached XP level 6. HP: 7/53 MP: 5/5
  2075 | D:3      | Reached skill level 5 in Armour
  2579 | D:4      | Got a faintly humming scale mail
  2590 | D:4      | Identified the +5 scale mail of Idealism {rElec rF+ MR+ Stlth-} (You found it on level 4 of the Dungeon)
  2884 | D:4      | Reached ** piety under Okawaru
  2903 | D:4      | Reached skill level 6 in Shields
  3219 | D:4      | Reached XP level 7. HP: 57/60 MP: 6/6
  3532 | D:5      | Entered Level 5 of the Dungeon
  3654 | D:5      | Found a glowing silver altar of Zin.
  3667 | D:5      | Reached skill level 1 in Stealth
  3673 | D:5      | Reached skill level 5 in Fighting
  3682 | D:5      | Reached skill level 7 in Shields
  4288 | D:5      | Reached skill level 5 in Long Blades
  4450 | D:6      | Found an opulent altar of Gozag.
  4482 | D:6      | Found a staircase to the Ecumenical Temple.
  4515 | D:6      | Reached XP level 8. HP: 68/68 MP: 7/7
  4619 | D:6      | Noticed Eustachio
  4653 | D:6      | Killed Eustachio
  4653 | D:6      | Reached *** piety under Okawaru
  4876 | D:6      | Found Uwekhoywn's Antique Weapon Shoppe.
  5005 | D:6      | Bought a glowing scimitar for 124 gold pieces
  5496 | D:7      | Reached skill level 8 in Shields
  5682 | D:7      | Noticed a two-headed ogre
  5687 | D:7      | Killed a two-headed ogre
  5687 | D:7      | Reached **** piety under Okawaru
  5687 | D:7      | Reached skill level 5 in Dodging
  5687 | D:7      | Reached XP level 9. HP: 63/75 MP: 8/8
  5736 | D:7      | Noticed Dowan
  5742 | D:7      | Killed Dowan
  5744 | D:7      | Noticed Duvessa
  5755 | D:7      | Killed Duvessa
  5755 | D:7      | Reached skill level 9 in Shields
  6231 | D:6      | Bought a runed scimitar for 124 gold pieces
  6318 | D:8      | Found a burning altar of Makhleb.
  6358 | D:8      | Found a deep blue altar of Sif Muna.
  6498 | D:8      | Noticed Gastronok
  6516 | D:8      | Mangled by Gastronok

Action                   |  1- 3 |  4- 6 |  7- 9 || total
-------------------------+-------+-------+-------++-------
Melee: Long sword        |    73 |   180 |   101 ||   354
       Scimitar          |       |       |   119 ||   119
Invok: Heroism           |       |       |     1 ||     1
  Use: Potion            |       |     2 |       ||     2
       Scroll            |       |       |    10 ||    10
  Eat: Chunk             |       |     7 |     8 ||    15
       Fruit             |       |     1 |     1 ||     2
       Beef jerky        |       |       |     1 ||     1
